 Dungeon Crawl Stone Soup version 0.17-a0-2198-g482c6e3 (webtiles) character file.

38291 Eptagon the Unseen (level 14, -2/67 HPs)
             Began as a Vine Stalker Enchanter on Oct 26, 2015.
             Was the Champion of Ashenzari.
             Slain by a wolf (3 damage)
             ... on level 8 of the Lair of Beasts.
             The game lasted 01:03:08 (15800 turns).

Eptagon the Unseen (Vine Stalker Enchanter)        Turns: 15800, Time: 01:03:08

Health: -2/67      AC: 16    Str: 12    XL:     14   Next: 1%
Magic:  0/31       EV: 14    Int: 16    God:    Ashenzari [******]
Gold:   1389       SH:  0    Dex: 18    Spells: 8 memorised, 3 levels left

rFire  . . .     SeeInvis +     a - +1 dagger (venom) (curse)
rCold  . . .     Clarity  +     r - +2 robe {rN+} (curse)
rNeg   + . .     SustAt   .     (no shield)
rPois  .         Gourm    .     (no helmet)
rElec  .         Spirit   +     v - +2 cloak (curse)
rCorr  +         Warding  .     q - +2 pair of gloves
rMut   .         Stasis   .     c - +2 pair of boots {Stlth+} (curse)
MR     +....                    G - amulet of resist corrosion (curse)
Stlth  ++++++++..               i - ring of wizardry
                                e - +3 ring of protection (curse)

@: lethally poisoned (-2 -> -8), about to teleport, somewhat resistant to
hostile enchantments, extraordinarily stealthy
A: fangs 3, regeneration 3, magic shield, antimagic bite, no device heal 3, rot
immunity
a: Scrying, Transfer Knowledge, Renounce Religion


You were on level 8 of the Lair of Beasts.
You worshipped Ashenzari.
Ashenzari was exalted by your worship.
You were not hungry.

You visited 2 branches of the dungeon, and saw 18 of its levels.

You collected 1389 gold pieces.

Inventory:

Hand Weapons
 a - a cursed +1 dagger of venom (weapon)
Armour
 c - a cursed +2 pair of boots of stealth (worn)
 q - a +2 pair of gloves (worn)
 r - a cursed +2 robe of positive energy (worn)
 v - a cursed +2 cloak (worn)
Jewellery
 e - a cursed +3 ring of protection (left hand)
 i - a ring of wizardry (right hand)
 w - an uncursed ring of ice
 y - an uncursed ring of positive energy
 B - an uncursed ring of invisibility
 G - a cursed amulet of resist corrosion (around neck)
 K - a +6 ring of evasion
 S - an uncursed ring of fire
 X - an uncursed amulet of resist mutation
Wands
 E - a wand of disintegration (13)
 L - a wand of lightning (4)
 M - a wand of fire (6)
 O - a wand of fire (6)
 Y - a wand of lightning (6)
 Z - a wand of digging (13)
Scrolls
 f - 3 scrolls of amnesia
 g - a scroll of magic mapping
 h - 4 scrolls of recharging
 j - a scroll of blinking
 n - 2 scrolls of fear
 t - a scroll of holy word {unknown}
 A - a scroll of curse jewellery
 D - 7 scrolls of enchant armour
 J - a scroll of summoning
 N - 4 scrolls of teleportation
 P - a scroll of acquirement
 Q - 4 scrolls of enchant weapon
 R - a scroll of fog {unknown}
 T - 10 scrolls of remove curse
 W - a scroll of torment {unknown}
Potions
 b - a potion of invisibility
 k - 9 potions of brilliance
 l - a potion of agility
 o - a potion of cure mutation
 p - 3 potions of might
 u - 5 potions of curing
 x - 2 potions of haste
 F - 3 potions of cancellation
 H - a potion of resistance
 U - 5 potions of flight
Comestibles
 d - 12 bread rations
 m - 4 meat rations
 s - 5 beef jerkies
 z - 9 slices of pizza
 C - 2 royal jellies
 I - 4 chunks of flesh
 V - 28 fruits


   Skills:
 + Level 4.3 Fighting
 - Level 2.1(5.5) Short Blades
 - Level 1.5(3.6) Dodging
 + Level 16.3(18.8) Stealth
 - Level 12.0 Spellcasting
 + Level 14.8(17.3) Hexes


You had 3 spell levels left.
You knew the following spells:

 Your Spells              Type           Power        Failure   Level  Hunger
a - Ensorcelled Hibernat  Hex/Ice        #####.       1%          2    None
b - Regeneration          Chrm/Necr      ##........   9%          3    None
c - Confuse               Hex            ######..     1%          3    None
d - Tukima's Dance        Hex            ######..     1%          3    None
e - Deflect Missiles      Chrm/Air       ##........   100%        6    ######.
f - Haste                 Chrm           ##......     100%        6    ######.
g - Discord               Hex            ######....   21%         8    #######
s - Dazzling Spray        Conj/Hex       #####...     1%          3    None


Dungeon Overview and Level Annotations

Branches:
Dungeon (10/15)            Temple (0/1) D:6            Lair (8/8) D:10
 Shoals (0/4) Lair:3        Snake (0/4) Lair:5        Slime (0/6) Lair:7
    Orc: D:9-12

Altars:
Ashenzari
Dithmenos
Elyvilon
Gozag
Kikubaaqudgha
Makhleb
Vehumet
The Shining One

Shops:
D:4 (   D:8 =

Portals:
Trove: D:10 (give 2 scrolls of acquirement)

Annotations:
D:8 Gastronok
Lair:8 Nessos


Innate Abilities, Weirdness & Mutations

You have razor-sharp teeth.
You regenerate.
When hurt, damage is shared between your health and your magic reserves.
Your bite disrupts and absorbs the magic of your enemies.
Potions and wands cannot restore your health.
You are immune to rotting.


Message History

Read which item? (? for menu, Esc to quit)
As you read the scroll of teleportation, it crumbles to dust.
You feel strangely unstable.
You feel sick. The wolf bites you but does no damage.
You closely miss the wolf. You bite the wolf. You drain its power.
You feel invigorated.
The wolf is moderately wounded.
Nessos shoots a poisoned arrow.
The poisoned arrow hits you! The poisoned arrow burns you.
You are more poisoned.
The wolf completely misses you.
You feel sick. The wolf bites you.
Nessos casts a spell.
Nessos seems to speed up.
You feel sick.
Nessos shoots a poisoned arrow.
The poisoned arrow hits you!!
* * * LOW HITPOINT WARNING * * *
The poisoned arrow burns you.
* * * LOW HITPOINT WARNING * * *
The wolf bites you.
You die...

<..⌠..#*,....,,,,*
.......#*Y....,***
⌠....Fk.*.....,*
...#....,#....##*
...#..⌠,,*#.....##
⌠.....,,..#...c..##
....#,,,..#.....((#
...##,,,,.......h##
....#*+.+##.....@##
....#*....P.......#
....##............#
.....#P..........##
#.P...............#
##.P.............##
##............PP#
#P............###
##.............#


You could see Nessos, an elephant (wandering) and a wolf.

Vanquished Creatures
  9 hydras
  An ice dragon (Lair:7)
  2 oklob plants (Lair:7)
  9 elephants
  2 griffons
  Joseph (D:8)
  6 black mambas
  11 komodo dragons
  A fire drake (Lair:5)
  14 spiny frogs
  A polar bear (Lair:4)
  A troll (D:10)
  Grinder (D:6)
  3 blink frogs (Lair:3)
  A wraith (D:10)
  2 deep elf magi
  4 wyverns
  A human (D:7)
  19 yaks
  5 basilisks
  9 wolves
  4 hippogriffs
  14 water moccasins
  An orc warrior (D:10)
  Duvessa (D:7)
  A sky beast (D:6)
  13 porcupines
  3 phantoms
  2 eyes of draining (D:10)
  2 wasps (D:8)
  2 ice beasts
  2 black bears
  A centaur (D:6)
  3 ogres
  A big kobold (D:10)
  23 crocodiles
  A wyvern zombie (D:10)
  12 giant frogs
  2 scorpions
  Dowan (D:7)
  2 killer bees (D:10)
  A quasit (D:7)
  2 electric eels (Lair:3)
  3 giant frog zombies
  2 crimson imps
  3 jellies
  5 lava snakes (Lair:4)
  2 centaur zombies
  2 orc priests
  A giant frog skeleton (D:4)
  4 hounds
  7 orc wizards
  Jessica (D:2)
  7 iguanas
  4 worker ants
  15 sheep
  2 gnolls (D:4)
  9 adders
  73 river rats
  2 shadow imps
  A hound simulacrum (D:10)
  An adder zombie (D:5)
  2 adder skeletons
  2 worms (D:2)
  7 giant geckos
  22 orcs
  7 giant cockroaches
  12 goblins
  4 hobgoblins
  3 kobolds
  6 quokkas
  4 ball pythons
  4 bats (D:1)
  A giant gecko skeleton (D:8)
  A giant gecko zombie (D:6)
  3 giant newts
  2 jackals (D:7)
  2 jackal skeletons
  7 rats
  A plant (Lair:6)
431 creatures vanquished.

Vanquished Creatures (collateral kills)
  2 molten gargoyles (Lair:4)
  Psyche (D:10)
  An orc warrior (D:10)
  An ogre (D:9)
  A gnoll sergeant (D:8)
  A jelly (D:8)
  An orc wizard (D:10)
  5 gnolls
  2 orcs (D:10)
15 creatures vanquished.

Vanquished Creatures (others)
  15 fungi
  15 plants
30 creatures vanquished.

Grand Total: 476 creatures vanquished

Notes
Turn   | Place    | Note
--------------------------------------------------------------
     0 | D:1      | Eptagon the Vine Stalker Enchanter began the quest for the Orb.
     0 | D:1      | Reached XP level 1. HP: 9/9 MP: 4/4
   325 | D:1      | Reached XP level 2. HP: 13/13 MP: 6/6
   554 | D:1      | Reached skill level 4 in Stealth
   582 | D:1      | Reached XP level 3. HP: 7/16 MP: 5/7
   878 | D:2      | Learned a level 2 spell: Ensorcelled Hibernation
   879 | D:2      | Noticed Jessica
   882 | D:2      | Learned a level 3 spell: Confuse
   904 | D:2      | Killed Jessica
   904 | D:2      | Reached XP level 4. HP: 18/21 MP: 2/9
  1023 | D:2      | Found a white marble altar of Elyvilon.
  1552 | D:3      | Reached XP level 5. HP: 24/24 MP: 10/10
  2133 | D:4      | Found Xanefemiu's Antique Weapon Emporium.
  2146 | D:4      | Reached skill level 5 in Stealth
  2146 | D:4      | Reached skill level 5 in Hexes
  2175 | D:4      | Found a shattered altar of Ashenzari.
  2185 | D:4      | Became a worshipper of Ashenzari the Shackled
  2458 | D:4      | Gained mutation: You heal very quickly. [Vine Stalker growth]
  2458 | D:4      | Reached XP level 6. HP: 28/28 MP: 12/12
  2577 | D:4      | Learned a level 3 spell: Tukima's Dance
  3076 | D:4      | Reached skill level 6 in Hexes
  3076 | D:4      | Reached XP level 7. HP: 29/32 MP: 11/14
  3353 | D:5      | Entered Level 5 of the Dungeon
  3459 | D:5      | Noticed a wyvern
  3463 | D:5      | Killed a wyvern
  3604 | D:5      | Reached * piety under Ashenzari
  3755 | D:5      | Reached skill level 7 in Hexes
  3755 | D:5      | Gained mutation: You have razor-sharp teeth. [Vine Stalker growth]
  3755 | D:5      | Reached XP level 8. HP: 36/36 MP: 12/16
  3805 | D:5      | Found a radiant altar of Vehumet.
  3845 | D:5      | Found an opulent altar of Gozag.
  4119 | D:6      | Found a staircase to the Ecumenical Temple.
  4321 | D:6      | Reached skill level 5 in Spellcasting
  4419 | D:6      | Noticed Grinder
  4431 | D:6      | Killed Grinder
  4431 | D:6      | Reached skill level 8 in Hexes
  4600 | D:6      | Learned a level 3 spell: Dazzling Spray
  4890 | D:7      | Reached XP level 9. HP: 39/39 MP: 18/18
  4990 | D:7      | Found an ancient bone altar of Kikubaaqudgha.
  5019 | D:7      | Reached ** piety under Ashenzari
  5144 | D:7      | Noticed Dowan
  5149 | D:7      | Noticed Duvessa
  5151 | D:7      | Killed Dowan
  5160 | D:7      | Killed Duvessa
  5249 | D:7      | Reached skill level 9 in Hexes
  5614 | D:8      | Found a shadowy altar of Dithmenos.
  5756 | D:8      | Noticed Joseph
  5775 | D:8      | Killed Joseph
  5840 | D:8      | Reached skill level 10 in Hexes
  5923 | D:8      | Noticed Gastronok
  6242 | D:8      | Found Pibruwi's Jewellery Shoppe.
  6332 | D:9      | Found a burning altar of Makhleb.
  6452 | D:9      | Reached XP level 10. HP: 37/44 MP: 21/21
  6653 | D:9      | Reached skill level 10 in Stealth
  6717 | D:9      | Reached *** piety under Ashenzari
  6838 | D:9      | Found a glowing golden altar of the Shining One.
  6949 | D:10     | Entered Level 10 of the Dungeon
  6973 | D:10     | Found a large runed door.
  6974 | D:10     | Found a large runed door.
  7005 | D:10     | Found a large runed door.
  7005 | D:10     | Found a large runed door.
  7032 | D:10     | Identified Cigotuvi's Handbook of Sinister Rituals
  7038 | D:10     | Learned a level 3 spell: Regeneration
  7045 | D:10     | Learned a level 6 spell: Deflect Missiles
  7292 | D:10     | Reached skill level 11 in Hexes
  7294 | D:10     | Found a staircase to the Lair.
  7565 | D:10     | Identified the cursed +3 hand axe of Distant Worlds {chop, rC+ Int+4} (You took it off an orc on level 10 of the Dungeon)
  7591 | D:10     | Noticed Psyche
  7601 | D:10     | Killed Psyche
  8031 | D:10     | Found a portal to a secret trove of treasure.
  8230 | D:10     | Noticed a four-headed hydra
  8230 | D:10     | Noticed a five-headed hydra
  8311 | D:10     | Killed a five-headed hydra
  8311 | D:10     | Reached XP level 11. HP: 47/47 MP: 22/24
  8324 | D:10     | Killed a four-headed hydra
  8324 | D:10     | Reached skill level 12 in Hexes
  8375 | Lair:1   | Entered Level 1 of the Lair of Beasts
  8418 | Lair:1   | Reached skill level 1 in Short Blades
  8939 | Lair:1   | Learned a level 6 spell: Haste
  9401 | Lair:2   | Noticed an eight-headed hydra
  9408 | Lair:2   | Killed an eight-headed hydra
  9689 | Lair:2   | Identified the +1 leather armour of Ecleiped {rF- Regen+ Str+5 Stlth+}
  9945 | Lair:3   | Found a burning altar of Makhleb.
  9975 | Lair:3   | Reached **** piety under Ashenzari
 10196 | Lair:3   | Reached skill level 13 in Stealth
 10198 | Lair:3   | Reached skill level 10 in Spellcasting
 10198 | Lair:3   | Gained mutation: You regenerate. [Vine Stalker growth]
 10198 | Lair:3   | Reached XP level 12. HP: 51/51 MP: 25/27
 10371 | Lair:3   | Found a staircase to the Shoals.
 11601 | Lair:4   | Identified a scroll of acquirement
 11724 | Lair:4   | Reached skill level 14 in Stealth
 12075 | Lair:4   | Reached ***** piety under Ashenzari
 12677 | Lair:5   | Reached XP level 13. HP: 55/55 MP: 29/29
 12826 | Lair:5   | Learned a level 8 spell: Discord
 12827 | Lair:5   | Noticed a seven-headed hydra
 12830 | Lair:5   | Killed a seven-headed hydra
 12830 | Lair:5   | Reached skill level 15 in Stealth
 13127 | Lair:5   | Found a staircase to the Snake Pit.
 14343 | Lair:7   | Reached skill level 1 in Fighting
 14642 | Lair:7   | Identified a +1 rod of shadows (11/11)
 14844 | Lair:7   | Found a staircase to the Slime Pits.
 15020 | Lair:7   | Identified the +3 falchion "Seosiv Icru" {flame, rC+ Str+7 SInv}
 15257 | Lair:7   | Reached skill level 16 in Stealth
 15296 | Lair:7   | Reached ****** piety under Ashenzari
 15618 | Lair:8   | Entered Level 8 of the Lair of Beasts
 15620 | Lair:8   | Noticed Nessos
 15764 | Lair:8   | Reached XP level 14. HP: 32/66 MP: 10/31
 15800 | Lair:8   | HP: 3/67 [Nessos/poisoned arrow (19)]
 15800 | Lair:8   | HP: 1/67 [Nessos/poisoned arrow (2)]
 15800 | Lair:8   | Slain by a wolf

Vault maps used:
D:1:      zelgadis_glass_arrival_small, minivault_11
D:2:      minmay_misc_feat_more_columns, elyvilon_altar_3, uniq_jessica
D:3:      kennysheep_big_flooded_room
D:4:      evilmike_ruin_ashenzari, first_bread, serial_shops,
          nicolae_shop_stone, minmay_distorted
D:5:      nicolae_gozag_seed_capital, kennysheep_little_box, dk_noncrumbling_3,
          kennysheep_nondescript, kennysheep_boxes
D:6:      temple_pool_b, uniq_grinder
D:7:      nicolae_overflow_crystal_walls, grunt_livestock, uniq_duvessa
D:8:      nicolae_overflow_hidden_temple, serial_shops,
          nicolae_shop_behind_doors, grunt_dithmenos_smoke_and_mirrors,
          uniq_joseph, uniq_gastronok
D:9:      overflow_temple_1_default, basic_altar
D:10:     david_lair_shrubbed, trove_entry_hex_spiral,
          minmay_hollow_rounded_squares, uniq_psyche
Lair:1:   beast_lair_carwin_3
Lair:2:   infiniplex_staircase_pool
Lair:3:   shoals_dummy_entry, basic_altar, serial_bayou_shore_b,
          serial_bayou_shore_a, grunt_megastairs_4
Lair:4:   cheibrodos_magma_flow, nicolae_lair_grove_arrangements, st_stairs_3,
          lemuel_fruit_fields
Lair:5:   forest_paths, dummy_snake_entry
Lair:6:   lemuel_fruit_tree
Lair:7:   dragon1_lemuel, minmay_slime_entry_oklob_enclosed, minivault_27,
          st_stairs_4, infiniplex_staircase_pool_2, serial_bayou_shore_b
Lair:8:   evil_forest, lab_entry_generic, grunt_megastairs_3, uniq_nessos,
          uniq_rupert

Action                   |  1- 3 |  4- 6 |  7- 9 | 10-12 | 13-15 || total
-------------------------+-------+-------+-------+-------+-------++-------
Melee: Dagger            |    78 |   151 |   284 |   663 |   303 ||  1479
 Cast: Confuse           |     2 |     3 |    32 |    69 |    77 ||   183
       Ensorcelled Hiber |     1 |     1 |     1 |     1 |    12 ||    16
       Tukima's Dance    |       |     4 |     7 |    10 |       ||    21
       Dazzling Spray    |       |       |    12 |       |     6 ||    18
       Regeneration      |       |       |       |       |     1 ||     1
  Use: Scroll            |       |    11 |    14 |     7 |     5 ||    37
       Potion            |       |       |     1 |     3 |     1 ||     5
 Stab: Sleeping          |     9 |    12 |    20 |    62 |    38 ||   141
       Confused          |       |       |    12 |    46 |    45 ||   103
       Distracted        |       |       |     2 |     1 |     1 ||     4
  Eat: Chunk             |       |     6 |    13 |    21 |    11 ||    51
       Pizza             |       |     1 |       |     1 |       ||     2
